 Dungeon Sprint DCSS version 0.30-a0-883-g5ad918d77d (webtiles) character file.

Game seed: 405331394153383892

1468 BigDaddyOpFi the Covert (level 8, 0/46 HPs)
             Began as an Octopode Earth Elementalist on Mar 17, 2023.
             Was an Elder of Qazlal.
             Slain by a fire elemental (9 damage)
             ... in the Dungeon (Sprint V: "Ziggurat Sprint").
             The game lasted 00:02:40 (1205 turns).

BigDaddyOpFi the Covert (OpEE)                      Turns: 1205, Time: 00:02:40

Health: 0/46       AC:  1    Str: 10    XL:     8   Next: 77%
Magic:  26/28      EV: 17    Int: 29    God:    Qazlal [****..]
Gold:   0          SH:  5    Dex: 18    Spells: 18/22 levels left

rFire   . . .      SeeInvis +    A - +16 obsidian axe {drain, demonic, Mesm Drain Fly SInv}
rCold   . . .      Faith    .    (no shield)
rNeg    + . .      Spirit   .    (helmet restricted)
rPois   .          Reflect  .    (no amulet)
rElec   .          Rampage  .    s - +6 ring of intelligence
rCorr   .          NoTele   +    t - +6 ring of intelligence
Will    .....                    j - ring "Hoante" {rN+ MP+9 Dex+6}
Stlth   +++                      (no ring)
HPRegen 0.27/turn                (no ring)
MPRegen 0.21/turn                (no ring)
                                 (no ring)
                                 (no ring)

@: flying, mesmerised, repel missiles
A: almost no armour, amphibious, 8 rings, camouflage 1, gelatinous body 1,
(nimble swimmer 1), tentacles
a: Renounce Religion, Upheaval, Elemental Force


You were in the Dungeon.
You worshipped Qazlal.
Qazlal was greatly pleased with you.
You visited 1 branch

Inventory:

Hand Weapons
 A - the +16 obsidian axe (weapon) {drain, demonic, Mesm Drain Fly SInv}
   (You found it in the Dungeon)

   Mesm:      Its wielder is mesmerised by any visible foes, and it cannot be
   unequipped while any foes are visible.
   SInv:      It lets you see invisible.
   Fly:       It grants you flight.
   Drain:     It drains your maximum health when unequipped.
Jewellery
 j - the ring "Hoante" (on tentacle) {rN+ MP+9 Dex+6}
   (You found it in the Dungeon)

   [ring of dexterity]

   Dex:       It affects your dexterity (+6).
   rN:        It protects you from negative energy.
   MP:        It affects your magic capacity (+9).
 p - a ring of flight
 q - a +6 ring of dexterity
 r - a +6 ring of dexterity
 s - a +6 ring of intelligence (left tentacle)
 t - a +6 ring of intelligence (right tentacle)
 u - a +6 ring of strength
 v - a +6 ring of strength
Wands
 w - a wand of mindburst (7)
 x - a wand of iceblast (7)
 y - a wand of acid (7)
Scrolls
 f - 4 scrolls of blinking
 l - 4 scrolls of amnesia
 m - 7 scrolls of fog
 n - 5 scrolls of identify
 o - 2 scrolls of fear
 C - 4 scrolls of enchant weapon
Potions
 a - 8 potions of magic
 b - 10 potions of curing
 c - 12 potions of heal wounds
 d - 6 potions of haste
 e - 3 potions of berserk rage
 g - 2 potions of brilliance
 h - 2 potions of invisibility
 i - 4 potions of resistance
 k - 5 potions of might
Miscellaneous
 z - a lightning rod (4/4)
 B - a tin of tremorstones (2/2)


   Skills:
 + Level 6.7 Dodging
 + Level 9.3 Stealth
 + Level 7.9 Spellcasting
 - Level 3.4 Conjurations
 * Level 9.2 Transmutations
 + Level 7.9 Earth Magic
 * Level 9.3 Invocations


You had 18 spell levels left.
You knew the following spells:

 Your Spells              Type           Power      Damage    Failure   Level
a - Sandblast             Erth           100%       2d20      1%          1
b - Stone Arrow           Conj/Erth      88%        3d12      1%          3

Your spell library contained the following spells:

 Spells                   Type           Power      Damage    Failure   Level
 Passwall                 Tmut/Erth      47%        N/A       1%          2
 Petrify                  Tmut/Erth      57%        N/A       1%          4
 Kindle Blastsparks       Fire/Tloc/Air  22%        2d11      14%         3
 Ozocubu's Armour         Ice            11%        N/A       14%         3
 Freezing Cloud           Conj/Ice/Air   9%         6-21      63%         5
 Summon Forest            Summ/Tloc      5%         N/A       78%         5
 Borgnjor's Revivificati  Necr           5%         N/A       100%        8
 Necromutation            Tmut/Necr      19%        N/A       100%        8
 Death's Door             Necr           5%         N/A       100%        9


Dungeon Overview and Level Annotations

Branches:
Dungeon (1/1)

Altars:
Ashenzari
Cheibriados
Dithmenos
Elyvilon
Fedhas
Gozag
Hepliaklqana
Kikubaaqudgha
Makhleb
Nemelex Xobeh
Okawaru
Qazlal
Ru
Sif Muna
Trog
Uskayaw
Vehumet
Wu Jian
Xom
Yredelemnul
Zin
The Shining One
Jiyva
Lugonu

Annotations:
D 1 transporter


Innate Abilities, Weirdness & Mutations

You cannot wear most types of armour.
You are amphibious.
You can wear up to eight rings at the same time.
Your skin changes colour to match your surroundings (Stealth+).
Your rubbery body absorbs attacks. (AC +1, EV +1)
((You are camouflaged when in or above water. (Stealth+)))
You have tentacles for arms and can constrict up to eight enemies at once.


Message History

The fire elemental closely misses you. You block the fire elemental's attack.
Unknown command.
Aiming: Sandblast (safe; 1% risk of failure)
Press: ? - help, Q - select action, (/) - cycle Shift-Dir - straight line, f/p - deep elf pyromancer
Aim: a deep elf pyromancer, wielding a +0 rapier (almost dead, 80% to hit)
The blast of sand hits the deep elf pyromancer!!
You kill the deep elf pyromancer!
Qazlal accepts your kill.
Visions of slaying the deep elf pyromancer flood into your mind.
The fire elemental misses you.
The deep elf pyromancer hits you with a +0 dagger.
The deep elf zephyrmancer mumbles some strange words.
The deep elf zephyrmancer blinks!
The orc high priest is engulfed in blazing flames.
The fire elemental barely misses you.
Your Stealth skill increases to level 9!
Your Transmutations skill increases to level 9!
Your Invocations skill increases to level 9!
Unknown command.
You slash the deep elf pyromancer! You grab the deep elf pyromancer.
The deep elf pyromancer is heavily wounded.
You slash the fire elemental!
You constrict the deep elf pyromancer, but do no damage.
The deep elf pyromancer hits you but does no damage.
The orc high priest is engulfed in blazing flames.
The fire elemental is struck by lightning.
The fire elemental sizzles in the rain.
The fire elemental hits you. The fire elemental burns you!
The orc high priest is engulfed in blazing flames.
The orc high priest hits you with a +0 scimitar!
* * * LOW HITPOINT WARNING * * *
The deep elf pyromancer gestures wildly while chanting.
The deep elf pyromancer struggles to blink free from constriction.
The deep elf elementalist is engulfed in blazing flames.
The deep elf elementalist gestures wildly while chanting.
The deep elf elementalist seems to speed up.
The fire elemental sizzles in the rain.
The fire elemental hits you.
* * * LOW HITPOINT WARNING * * *
The fire elemental burns you!
You die...

▓▓▓▓▓▓▓▓▓▓▓▓▓▓▓▓▓▓▓
▓..8©8..▓ ▓..:)[..▓
▓..")|..▓ ▓.......▓
▓.......▓ ▓..○ee..▓
▓..eEo).▓ ▓..☼@.○.▓
▓..○©...▓ ▓▓▓▓▓▓▓▓▓


You could see a deep elf elementalist (fast, repels missiles), an orc high
priest, a deep elf pyromancer (mesmerising), a deep elf zephyrmancer and a fire
elemental.

Vanquished Creatures
  A deep elf pyromancer (D)
  A slime creature (D)
  A golden eye (D)
  2 wolves (D)
  A bullfrog (D)
  2 jellies (D)
  An orc priest (D)
  4 orc wizards (D)
  A river rat (D)
  An orc (D)
  A jackal (D)
16 creatures vanquished.

Vanquished Creatures (collateral kills)
  A slime creature (D)
  A black bear (D)
  A wolf (D)
3 creatures vanquished.

Grand Total: 19 creatures vanquished

Notes
Turn   | Place    | Note
-------+----------+-------------------------------------------
     0 | D        | BigDaddyOpFi the Octopode Earth Elementalist began the
                  | quest for the Orb.
     0 | D        | Reached XP level 1. HP: 11/11 MP: 3/3
     0 | D        | Found a shimmering blue altar of Sif Muna.
     0 | D        | Found a bloodstained altar of Trog.
     0 | D        | Found a sacrificial altar of Ru.
     0 | D        | Found a stormy altar of Qazlal.
     0 | D        | Found an iron altar of Okawaru.
     1 | D        | Found a sparkling altar of Nemelex Xobeh.
     1 | D        | Found a blossoming altar of Fedhas.
     1 | D        | Found the +6 Majin-Bo {spellvamp, MP+6 Int+6}
     1 | D        | Found the +27 heavy crossbow "Sniper" {heavy, Acc+∞ SInv}
     1 | D        | Found the +10 dark maul {heavy}
     1 | D        | Found the +15 Maxwell's patent armour {-Cast -Tele rElec
                  | Will+ rCorr}
     1 | D        | Found the +18 shield of the Gong {Loud rN+ Will+ rCorr
                  | EV-5}
     1 | D        | Found the +16 obsidian axe {drain, demonic, Mesm Drain Fly
                  | SInv}
     1 | D        | Found the +7 great mace "Firestarter" {flame, inner flame,
                  | rFlCloud rF++}
     1 | D        | Found the +6 shillelagh "Devastator" {shatter}
     1 | D        | Found the +11 plutonium sword {Contam Stlth-}
     1 | D        | Found the +8 lance "Wyrmbane" {slay drac, rPois rF+ rC+
                  | AC+3}
     1 | D        | Found the +9 sword of Zonguldrok {reap}
     1 | D        | Found the +13 scythe of Curses {drain, curses, Drain}
     1 | D        | Found the +9 sword of Power {lifebolt}
     1 | D        | Found the +7 mace of Variability {chaos, chain chaos}
     1 | D        | Found the +11 Singing Sword {sonic wave}
     1 | D        | Found the +8 storm bow {elec, penet}
     3 | D        | Found a transporter.
     3 | D        | Found an ancient bone altar of Kikubaaqudgha.
     3 | D        | Found a viscous altar of Jiyva.
     3 | D        | Found a corrupted altar of Lugonu.
     3 | D        | Found a hazy altar of Hepliaklqana.
     3 | D        | Found a burning altar of Makhleb.
     3 | D        | Found an opulent altar of Gozag.
    19 | D        | Reached skill level 5 in Spellcasting
    19 | D        | Reached XP level 2. HP: 17/17 MP: 4/8
   177 | D        | Became a worshipper of Qazlal Stormbringer
   194 | D        | Entered arena 2.
   194 | D        | Found a transporter.
   196 | D        | Reached skill level 5 in Earth Magic
   196 | D        | Reached XP level 3. HP: 21/21 MP: 7/9
   197 | D        | Reached XP level 4. HP: 27/27 MP: 6/11
   286 | D        | Entered arena 3.
   286 | D        | Noticed a wolf
   286 | D        | Noticed a black bear
   286 | D        | Noticed a wolf
   286 | D        | Found a transporter.
   291 | D        | Killed a wolf
   291 | D        | Reached * piety under Qazlal
   292 | D        | Reached skill level 5 in Stealth
   292 | D        | Reached XP level 5. HP: 16/31 MP: 11/13
   293 | D        | Killed a black bear
   294 | D        | Reached skill level 5 in Transmutations
   294 | D        | Reached XP level 6. HP: 25/36 MP: 12/15
   295 | D        | Reached skill level 5 in Invocations
   335 | D        | Entered arena 4.
   335 | D        | Found a transporter.
   337 | D        | Reached ** piety under Qazlal
   341 | D        | Reached skill level 5 in Dodging
   343 | D        | Reached XP level 7. HP: 41/41 MP: 11/17
   540 | D        | Got the ring "Hoante" {rN+ MP+9 Dex+6}
   693 | D        | Learned a level 3 spell: Stone Arrow
   694 | D        | Entered arena 5.
   694 | D        | Found a transporter.
   695 | D        | Reached *** piety under Qazlal
   886 | D        | Got the Volume of the Subzero Traveller
   889 | D        | Entered arena 6.
   889 | D        | Noticed a slime creature
   889 | D        | Noticed a slime creature
   889 | D        | Noticed a golden eye
   889 | D        | Found a transporter.
   890 | D        | Reached **** piety under Qazlal
   892 | D        | Killed a golden eye
   900 | D        | Killed a slime creature
   900 | D        | HP: 2/41 [slime creature (18)]
   900 | D        | Killed a slime creature
   901 | D        | Reached XP level 8. HP: 3/46 MP: 16/19
  1200 | D        | Entered arena 7.
  1200 | D        | Noticed a deep elf elementalist
  1200 | D        | Noticed an orc high priest
  1200 | D        | Noticed a deep elf zephyrmancer
  1200 | D        | Noticed a deep elf pyromancer
  1200 | D        | Noticed a deep elf pyromancer
  1201 | D        | Found a transporter.
  1204 | D        | Killed a deep elf pyromancer
  1205 | D        | Slain by a fire elemental

Illustrated notes

Levels and vault maps discovered:
D:        sprint_v [room_start, room_1, room_2, room_3, room_4, room_5, room_6,
          room_7, room_8, room_9, room_10, room_11, room_12, room_13, room_14,
          room_15, room_16, room_17, room_18, room_19, room_20, room_21,
          room_22, room_23, room_24, room_25, room_26, room_27]

Skill      XL: |  1  2  3  4  5  6  7  8 |
---------------+-------------------------+-----
Spellcasting   | 5 6 7 |  7.9
Conjurations   | 3 |  3.4
Earth Magic    | 4 5 6 7 |  7.9
Stealth        | 3 4 5 7 8 9 |  9.3
Transmutations | 2 3 4 5 6 8 9 |  9.2
Dodging        | 3 4 5 6 |  6.7
Invocations    | 3 4 6 8 9 |  9.3

Action                     |  1- 3 |  4- 6 |  7- 9 || total
---------------------------+-------+-------+-------++-------
  Melee: Broad axe         |       |     4 |     6 ||    10
         Tentacles         |       |     2 |     4 ||     6
         Constrict         |       |     2 |     1 ||     3
   Cast: Sandblast         |     2 |     7 |     4 ||    13
         Stone Arrow       |       |       |     8 ||     8
    Use: Potion            |     1 |     1 |     1 ||     3
 Armour: Skin              |       |     1 |     2 ||     3
  Dodge: Dodged            |       |     7 |    12 ||    19
         Repelled          |       |       |     1 ||     1
  Block: Other             |       |       |     3 ||     3

Table legend: (Time is in decaauts)
 A = Elapsed time spent in this place.
 B = Non-inter-level travel time spent in this place.
 C = Inter-level travel time spent in this place.
 D = Time resting spent in this place.
 E = Time spent auto-exploring this place.
 F = Levels seen in this place.
 G = Mean time per level.
                   A        B        C        D        E       F      G
               +--------+--------+--------+--------+--------+-----+--------+
         Total |   1214 |   1214 |      0 |   1043 |      0 |   1 | 1214.0 |
       Dungeon |   1214 |   1214 |      0 |   1043 |      0 |   1 | 1214.0 |
               +--------+--------+--------+--------+--------+-----+--------+

Top non-repeatable levels by time:
       D: 1214 daAuts
